MLB
COLORADO ROCKIES @ CHICAGO WHITE SOX
06/03/2098
 
TOP OF THE 1ST
Colorado Rockies batting - Pitching for Chicago White Sox : RHP Jim Tant
Pitching: RHP Jim Tant
Batting: LHB Mike Keatts 0-0: Foul Ball, location: 7LSF
0-1: Called Strike
0-2: Foul Ball, location: 2F
0-2: Ball
1-2: Fly out, F9 (Flyball, 89M, EV 84.4 MPH)
Batting: RHB Mike Woodard 0-0: Called Strike
0-1: Ball
1-1: Ball
2-1: Foul Ball, location: 7LMF
2-2: Fly out, F9 (Line Drive, 9, EV 91.9 MPH)
Batting: LHB Matt Beck 0-0: Ball
1-0: Called Strike
1-1: Foul Ball, location: 3F
1-2: Fly out, F9 (Flyball, 9LM, EV 95.0 MPH)
Top of the 1st over - 0 runs, 0 hits, 0 errors, 0 left on base; Colorado 0 - Chicago 0
BOTTOM OF THE 1ST
Chicago White Sox batting - Pitching for Colorado Rockies : RHP Wally Sharp
Pitching: RHP Wally Sharp
Batting: RHB Greg Bates 0-0: Swinging Strike
0-1: Called Strike
0-2: Foul Ball, location: 5F
0-2: Ground out 5-3 (Groundball, 56, EV 91.3 MPH)
Batting: RHB Travis De Angelis 0-0: Ball
1-0: Foul Ball, location: 9LMF
1-1: Called Strike
1-2: Ball
2-2: Ground out 6-3 (Groundball, 6, EV 108.8 MPH)
Batting: LHB Dan Roos 0-0: Called Strike
0-1: Ball
1-1: Swinging Strike
1-2: Strikes out swinging
Bottom of the 1st over - 0 runs, 0 hits, 0 errors, 0 left on base; Colorado 0 - Chicago 0
TOP OF THE 2ND
Colorado Rockies batting - Pitching for Chicago White Sox : RHP Jim Tant
Batting: RHB Kosuke Sakai 0-0: Called Strike
0-1: Called Strike
0-2: Ball
1-2: Ground out 5-3 (Groundball, 56S, EV 64.4 MPH)
Batting: LHB Jim Davis 0-0: Called Strike
0-1: Ball
1-1: Swinging Strike
1-2: Foul Ball, location: 7LDF
1-2: Strikes out looking
Batting: LHB Glenn Sewell 0-0: Ball
1-0: SOLO HOME RUN (Flyball, 89XD, EV 105.0 MPH), Distance : 408 ft
Batting: LHB Carlos Parez 0-0: Foul Ball, location: 7LMF
0-1: Ball
1-1: Swinging Strike
1-2: Ground out 3-1 (Groundball, 34S, EV 72.5 MPH)
Top of the 2nd over - 1 run, 1 hit, 0 errors, 0 left on base; Colorado 1 - Chicago 0
BOTTOM OF THE 2ND
Chicago White Sox batting - Pitching for Colorado Rockies : RHP Wally Sharp
Batting: LHB Tim Eaton 0-0: Called Strike
0-1: Swinging Strike
0-2: Fly out, F7 (Flyball, 7LM, EV 90.0 MPH)
Batting: RHB Luis Marquina 0-0: Ball
1-0: SINGLE (Groundball, 34D, EV 102.5 MPH)
Batting: RHB Joey Aimone 0-0: Ball
1-0: Swinging Strike
1-1: Called Strike
1-2: Ball
2-2: Strikes out swinging
Batting: RHB Cory Gilmore 0-0: Ball
1-0: 2-RUN HOME RUN (Flyball, 7D, EV 99.4 MPH), Distance : 367 ft
Batting: RHB Chris Hodges 0-0: Ball
1-0: Called Strike
1-1: Ball
2-1: Ball
3-1: TRIPLE (Flyball, 78XD, EV 96.3 MPH)
Batting: RHB Vinny Figueroa 0-0: Called Strike
0-1: Foul Ball, location: 3FF
0-2: Ground out 6-3 (Groundball, 6MD, EV 97.5 MPH)
Bottom of the 2nd over - 2 runs, 3 hits, 0 errors, 1 left on base; Colorado 1 - Chicago 2
TOP OF THE 3RD
Colorado Rockies batting - Pitching for Chicago White Sox : RHP Jim Tant
Batting: SHB Brian Hatcher 0-0: Called Strike
0-1: Swinging Strike
0-2: Foul Ball, location: 25F
0-2: Foul Ball, location: 2F
0-2: Ball
1-2: Fly out, F7 (Flyball, 7, EV 95.6 MPH)
Batting: LHB Jesus Pena 0-0: Called Strike
0-1: Fly out, F4 (Line Drive, 4, EV 68.1 MPH)
Batting: LHB Mike Keatts 0-0: Ball
1-0: Ground out 6-3 (Groundball, 6M, EV 106.9 MPH)
Top of the 3rd over - 0 runs, 0 hits, 0 errors, 0 left on base; Colorado 1 - Chicago 2
BOTTOM OF THE 3RD
Chicago White Sox batting - Pitching for Colorado Rockies : RHP Wally Sharp
Pitching: RHP Angel Cruz
Batting: RHB Greg Bates 0-0: Foul Ball, location: 9LMF
0-1: Ball
1-1: Ball
2-1: Fly out, F9 (Flyball, 9LS, EV 81.9 MPH)
Batting: RHB Travis De Angelis 0-0: SINGLE (Groundball, 6MD, EV 100.0 MPH)
Batting: LHB Dan Roos 0-0: Ball
1-0: Called Strike
1-1: Swinging Strike
1-2: Strikes out swinging
Batting: LHB Tim Eaton 0-0: Called Strike
0-1: Ball
1-1: Ball
2-1: Swinging Strike
2-2: Strikes out swinging
Bottom of the 3rd over - 0 runs, 1 hit, 0 errors, 1 left on base; Colorado 1 - Chicago 2
TOP OF THE 4TH
Colorado Rockies batting - Pitching for Chicago White Sox : RHP Jim Tant
Batting: RHB Mike Woodard 0-0: Called Strike
0-1: SINGLE (Line Drive, 89M, EV 110.0 MPH)
Batting: LHB Matt Beck 0-0: Ball
1-0: Fly out, F7 (Flyball, 7, EV 100.0 MPH)
Batting: RHB Kosuke Sakai 0-0: Ball
1-0: Fly out, F8 (Flyball, 8RD, EV 97.5 MPH)
Batting: LHB Jim Davis 0-0: Fly out, F5 (Popup, 5S, EV 80.6 MPH)
Top of the 4th over - 0 runs, 1 hit, 0 errors, 1 left on base; Colorado 1 - Chicago 2
BOTTOM OF THE 4TH
Chicago White Sox batting - Pitching for Colorado Rockies : RHP Angel Cruz
Batting: RHB Luis Marquina 0-0: Ball
1-0: Ball
2-0: Called Strike
2-1: Foul Ball, location: 3SF
2-2: Foul Ball, location: 23F
2-2: Ball
3-2: SOLO HOME RUN (Flyball, 8LXD, EV 108.1 MPH), Distance : 415 ft
Batting: RHB Joey Aimone 0-0: Called Strike
0-1: Ball
1-1: Foul Ball, location: 5SF
1-2: Ground out 5-3 (Groundball, 56, EV 102.5 MPH)
Batting: RHB Cory Gilmore 0-0: Ball
1-0: Called Strike
1-1: Ball
2-1: Ball
3-1: Foul Ball, location: 9LSF
3-2: Foul Ball, location: 7LDF
3-2: Strikes out looking
Batting: RHB Chris Hodges 0-0: Ball
1-0: Swinging Strike
1-1: Ball
2-1: Fly out, F8 (Flyball, 8RXD, EV 100.0 MPH)
Bottom of the 4th over - 1 run, 1 hit, 0 errors, 0 left on base; Colorado 1 - Chicago 3
TOP OF THE 5TH
Colorado Rockies batting - Pitching for Chicago White Sox : RHP Jim Tant
Batting: LHB Glenn Sewell 0-0: Ball
1-0: Ball
2-0: Ball
3-0: Base on Balls
Batting: LHB Carlos Parez 0-0: SINGLE (Line Drive, 8LS, EV 105.0 MPH)
Glenn Sewell to second
Runner from 2nd tries for 3rd, OUT! 8-5
Batting: SHB Brian Hatcher 0-0: Fly out, F7 (Flyball, 7, EV 95.6 MPH)
Batting: LHB Jesus Pena 0-0: Foul Ball, location: 25F
0-1: Foul Ball, location: 2F
0-2: Ball
1-2: Strikes out looking
Top of the 5th over - 0 runs, 1 hit, 0 errors, 1 left on base; Colorado 1 - Chicago 3
BOTTOM OF THE 5TH
Chicago White Sox batting - Pitching for Colorado Rockies : RHP Angel Cruz
Batting: RHB Vinny Figueroa 0-0: Ball
1-0: Reached on error, E6 (Groundball, 6, EV 100.6 MPH)
Pitching: RHP Danny Hoyt
Batting: RHB Greg Bates 0-0: Swinging Strike
0-1: Ball
1-1: DOUBLE (Flyball, 8RXD, EV 107.5 MPH)
Vinny Figueroa to third
Batting: RHB Travis De Angelis 0-0: Ball
1-0: Ball
2-0: Foul Ball, location: 3SF
2-1: Foul Ball, location: 2F
2-2: Ball
3-2: Strikes out swinging
Batting: LHB Dan Roos 0-0: Foul Ball, location: 2F
0-1: Ball
1-1: Swinging Strike
1-2: Ball
2-2: Ball
3-2: Strikes out swinging
Batting: LHB Tim Eaton 0-0: Ball
1-0: Ball
2-0: Ball
3-0: Called Strike
3-1: Base on Balls
Batting: RHB Luis Marquina 0-0: Foul Ball, location: 3FF
0-1: SINGLE (Flyball, 34D, EV 95.6 MPH)
Vinny Figueroa scores
Greg Bates to third
Tim Eaton to second
Batting: RHB Joey Aimone 0-0: Ball
1-0: Swinging Strike
1-1: Foul Ball, location: 9LMF
1-2: Foul Ball, location: 7LSF
1-2: Ball
2-2: Ball
3-2: Foul Ball, location: 9LSF
3-2: Foul Ball, location: 5FF
3-2: Foul Ball, location: 5DF
3-2: Strikes out swinging
Bottom of the 5th over - 1 run, 2 hits, 1 error, 3 left on base; Colorado 1 - Chicago 4
TOP OF THE 6TH
Colorado Rockies batting - Pitching for Chicago White Sox : RHP Jim Tant
Batting: LHB Mike Keatts 0-0: DOUBLE (Line Drive, 9LM, EV 107.5 MPH)
Batting: RHB Mike Woodard 0-0: Called Strike
0-1: Ground out 5-3 (Groundball, 56, EV 79.4 MPH)
Mike Keatts to third
Batting: LHB Matt Beck 0-0: Called Strike
0-1: Called Strike
0-2: Strikes out swinging
Batting: RHB Kosuke Sakai 0-0: Foul Ball, location: 23FF
0-1: Called Strike
0-2: Ball
1-2: Ball
2-2: Strikes out looking
Top of the 6th over - 0 runs, 1 hit, 0 errors, 1 left on base; Colorado 1 - Chicago 4
BOTTOM OF THE 6TH
Chicago White Sox batting - Pitching for Colorado Rockies : RHP Danny Hoyt
Pitching: RHP Doug Craig
Batting: RHB Cory Gilmore 0-0: Ball
1-0: Ball
2-0: Swinging Strike
2-1: Ball
3-1: Base on Balls
Batting: RHB Chris Hodges 0-0: Called Strike
0-1: Swinging Strike
0-2: Fly out, F7 (Flyball, 7, EV 91.3 MPH)
Batting: RHB Vinny Figueroa 0-0: Ball
1-0: DOUBLE (Line Drive, 7LS, EV 95.0 MPH)
Cory Gilmore to third
Batting: RHB Greg Bates 0-0: Intentional Walk
Batting: RHB Travis De Angelis 0-0: Called Strike
0-1: Ball
1-1: Swinging Strike
1-2: Strikes out looking
Batting: LHB Dan Roos 0-0: Ball
1-0: SINGLE (Flyball, 8LS, EV 98.8 MPH)
Cory Gilmore scores
Vinny Figueroa to third
Greg Bates to second
Runner from 3rd tries for Home, SAFE, throw by CF to home
Batting: LHB Tim Eaton 0-0: Swinging Strike
0-1: Fly out, F8 (Flyball, 8LM, EV 90.0 MPH)
Bottom of the 6th over - 2 runs, 2 hits, 0 errors, 2 left on base; Colorado 1 - Chicago 6
TOP OF THE 7TH
Colorado Rockies batting - Pitching for Chicago White Sox : RHP Jim Tant
Batting: LHB Jim Davis 0-0: Ball
1-0: Ball
2-0: Ball
3-0: Base on Balls
Batting: LHB Glenn Sewell 0-0: Ball
1-0: Called Strike
1-1: Fly out, F8 (Flyball, 8RM, EV 84.4 MPH)
Batting: LHB Carlos Parez 0-0: SINGLE (Groundball, 4MD, EV 95.6 MPH)
Jim Davis to second
Batting: SHB Brian Hatcher 0-0: Ball
1-0: Fly out, F9 (Flyball, 9, EV 96.3 MPH)
Batting: LHB Jesus Pena 0-0: Ball
1-0: Ball
2-0: Foul Ball, location: 7LMF
2-1: Ball
3-1: Foul Ball, location: 3F
3-2: Fly out, F9 (Flyball, 9, EV 86.9 MPH)
Top of the 7th over - 0 runs, 1 hit, 0 errors, 2 left on base; Colorado 1 - Chicago 6
BOTTOM OF THE 7TH
Chicago White Sox batting - Pitching for Colorado Rockies : RHP Doug Craig
Batting: RHB Luis Marquina 0-0: Foul Ball, location: 5FF
0-1: Ball
1-1: Ball
2-1: Foul Ball, location: 2F
2-2: Ball
3-2: Foul Ball, location: 25F
3-2: Foul Ball, location: 2LF
3-2: Strikes out swinging
Batting: RHB Joey Aimone 0-0: Ball
1-0: Called Strike
1-1: Called Strike
1-2: Ball
2-2: Strikes out looking
Batting: RHB Cory Gilmore 0-0: Called Strike
0-1: Ball
1-1: Called Strike
1-2: Ground out 6-3 (Groundball, 6MS, EV 73.8 MPH)
Bottom of the 7th over - 0 runs, 0 hits, 0 errors, 0 left on base; Colorado 1 - Chicago 6
TOP OF THE 8TH
Colorado Rockies batting - Pitching for Chicago White Sox : RHP Jim Tant
Batting: LHB Mike Keatts 0-0: Called Strike
0-1: Ground out 4-3 (Groundball, 4, EV 108.8 MPH)
Batting: RHB Mike Woodard 0-0: Ball
1-0: Ground out U3 (Groundball, 3S, EV 79.4 MPH)
Batting: LHB Matt Beck 0-0: Foul Ball, location: 25F
0-1: Fly out, F4 (Popup, 34S, EV 76.3 MPH)
Top of the 8th over - 0 runs, 0 hits, 0 errors, 0 left on base; Colorado 1 - Chicago 6
BOTTOM OF THE 8TH
Chicago White Sox batting - Pitching for Colorado Rockies : RHP Doug Craig
Pitching: RHP Gustavo Becerra
Batting: RHB Chris Hodges 0-0: Ball
1-0: Fly out, F9 (Flyball, 89M, EV 86.3 MPH)
Batting: RHB Vinny Figueroa 0-0: Swinging Strike
0-1: Swinging Strike
0-2: Strikes out swinging
Batting: RHB Greg Bates 0-0: Ball
1-0: Fly out, F9 (Flyball, 9S, EV 86.9 MPH)
Bottom of the 8th over - 0 runs, 0 hits, 0 errors, 0 left on base; Colorado 1 - Chicago 6
TOP OF THE 9TH
Colorado Rockies batting - Pitching for Chicago White Sox : RHP Jim Tant
Pitching: LHP Victor Molina
Batting: RHB Kosuke Sakai 0-0: Swinging Strike
0-1: Foul Ball, location: 2F
0-2: DOUBLE (Flyball, 8LXD, EV 103.8 MPH)
Pinch Hitting: RHB Tony Thomas 0-0: Ground out 5-3 (Groundball, 5S, EV 80.6 MPH)
Pinch Hitting: RHB Orlando Serrano 0-0: Ball
1-0: Ball
2-0: Called Strike
2-1: Ball
3-1: Called Strike
3-2: SINGLE (Groundball, 56D, EV 102.5 MPH)
Kosuke Sakai to third
Batting: LHB Carlos Parez 0-0: Ball
1-0: Swinging Strike
1-1: Called Strike
1-2: SINGLE (Groundball, 56S, EV 66.3 MPH) (infield hit)
Kosuke Sakai scores
Orlando Serrano to second
Batting: SHB Brian Hatcher 0-0: Ball
1-0: Ball
2-0: Foul Ball, location: 2RF
2-1: SINGLE (Line Drive, 34D, EV 95.6 MPH)
Orlando Serrano to third
Carlos Parez to second
Pinch Hitting: RHB Brenden Oxton 0-0: Ball
1-0: Grounds into fielders choice 4-2 (Groundball, 4, EV 83.8 MPH)
Carlos Parez to third
Brian Hatcher to second
Batting: LHB Mike Keatts 0-0: Ground out U3 (Groundball, 34S, EV 92.5 MPH)
Top of the 9th over - 1 run, 4 hits, 0 errors, 3 left on base; Colorado 2 - Chicago 6
Saturday, April 6th , 2024 - OOTP Baseball 24.11 Build 85